 Dungeon Crawl Stone Soup version 0.27-a0-1219-g958d993ae5 (webtiles) character file.

Game seed: 7320431374399472739

297 polve the Skirmisher (level 6, -1/49 HPs)
             Began as a Demonspawn Abyssal Knight on June 6, 2021.
             Was a Priest of Lugonu.
             Slain by Grinder (4 damage)
             ... on level 4 of the Dungeon.
             The game lasted 00:04:56 (4769 turns).

polve the Skirmisher (Demonspawn Abyssal Knight)    Turns: 4769, Time: 00:04:56

Health: -1/49      AC:  9    Str: 12    XL:     6   Next: 12%
Magic:  7/7        EV: 13    Int: 15    God:    Lugonu [***...]
Gold:   153        SH:  0    Dex: 13    Spells: 5/5 levels left

rFire    . . .     SeeInvis .   (weapon currently unavailable)
rCold    . . .     Faith    .   (shield currently unavailable)
rNeg     . . .     Spirit   .   (armour currently unavailable)
rPois    .         Reflect  .   (helmet currently unavailable)
rElec    .         Harm     .   (cloak currently unavailable)
rCorr    .         Rampage  .   (gloves currently unavailable)
Will     .....                  (boots currently unavailable)
Stlth    +.........             (no amulet)
HPRegen  0.16/turn              (ring currently unavailable)
MPRegen  0.10/turn              (ring currently unavailable)

@: pig-form (expiring), sanguine armoured, very quick
A: fast, no casting, small, (horns 1), sanguine armour 2
a: Renounce Religion, Depart the Abyss, Bend Space, Banish


You were on level 4 of the Dungeon.
You worshipped Lugonu.
Lugonu was most pleased with you.
You were a filthy swine.
You visited 1 branch of the dungeon, and saw 4 of its levels.
You visited the Abyss 1 time.
You also visited: Sewer.

You collected 153 gold pieces.

Inventory:

Hand Weapons
 a - a +1 short sword
 r - a +0 rapier (melded)
Armour
 b - a +0 leather armour (melded)
 o - a +2 buckler (melded)
 q - a +0 pair of gloves (melded)
 t - a +0 pair of boots
Wands
 s - a wand of flame (13)
Scrolls
 c - 5 scrolls of teleportation {unknown}
 d - 2 scrolls of enchant armour {unknown}
 e - a scroll of vulnerability {unknown}
 f - a scroll of magic mapping {unknown}
 i - 3 scrolls of identify {unknown}
 j - a scroll of holy word {unknown}
 p - 2 scrolls of blinking {unknown}
Potions
 g - a potion of heal wounds
 h - 3 potions of cancellation
 k - 2 potions of flight
 l - a potion of invisibility {unknown}
 m - 3 potions of attraction {unknown}
 n - a potion of degeneration {unknown}


   Skills:
 + Level 4.6 Fighting
 - Level 4.0 Short Blades
 - Level 1.7 Armour
 - Level 0.8 Dodging
 + Level 2.5 Shields
 - Level 2.4 Invocations


You had 5 spell levels left.
You didn't know any spells.
Your spell library was empty.

Dungeon Overview and Level Annotations

Branches:
Dungeon (4/15)              Sewer (visited)
 Temple: D:4-7

Altars:

Shops:
D:1 *

Annotations:
D:4 Grinder


Innate Abilities, Weirdness & Mutations

You are a filthy swine.
You move quickly.
Your equipment is almost entirely melded.
You are incapable of wielding weapons or throwing items.
You cannot cast spells.
((You have a pair of small horns on your head.))
When seriously injured, your bleeding wounds create thick armour. (AC +9)


Message History

Grinder gestures at you. Pain shoots through your body!
* * * LOW HITPOINT WARNING * * *
Grinder barely misses you. Grinder hits you.
* * * LOW HITPOINT WARNING * * *
You can move again.
You hit Grinder.
Grinder is severely wounded.
Grinder gestures at you.
You shrug off the repeated paralysis!
You hit Grinder but do no damage.
Grinder is severely wounded.
Grinder says, "You look like you could use a good racking."
Grinder zaps a wand.
You resist with some effort.
The now-empty wand crumbles to dust.
You hit Grinder.
Grinder is almost dead.
You hit Grinder.
Grinder is almost dead.
Your transformation is almost over.
Grinder hits you but does no damage.
You hit Grinder but do no damage.
Grinder is almost dead.
Grinder closely misses you.
You closely miss Grinder.
Grinder is almost dead.
Grinder misses you.
You hit Grinder.
Grinder is almost dead.
Grinder closely misses you.
You closely miss Grinder.
Grinder is almost dead.
Grinder gestures at you. Pain shoots through your body!
* * * LOW HITPOINT WARNING * * *
You barely miss Grinder.
Grinder is almost dead.
Grinder hits you.
You die...

........รท..#
#.......##.#
#.......##.#
#.......##.#
.##.#.####.#######
..###..))........
.## #.####).######
#. #.5#
..#.#####.h####
..............#
....######.##.....
# #.# .#.. #.# #
#.# #.#
...............
.####..........


You could see Grinder.

Vanquished Creatures
  A scorpion (D:4)
  An iguana (D:4)
  An orc wizard (D:3)
  5 adders
  8 worms
  2 dart slugs
  18 orcs
  10 bats
  6 endoplasms
  3 giant cockroaches
  5 goblins
  2 hobgoblins (D:2)
  9 jackals
  2 quokkas
  8 ball pythons
  6 frilled lizards
  4 kobolds
  4 rats
95 creatures vanquished.

Notes
Turn   | Place    | Note
-------+----------+-------------------------------------------
     0 | Abyss:1  | polve the Demonspawn Abyssal Knight began the quest for the
                  | Orb.
     0 | Abyss:1  | Reached XP level 1. HP: 18/18 MP: 2/2
    48 | Abyss:1  | Noticed a sixfirhy
    49 | D:1      | Escaped the Abyss
   102 | D:1      | Reached * piety under Lugonu
   543 | D:1      | Gained mutation: When seriously injured, your bleeding
                  | wounds create armour. (AC +9) [demonic ancestry]
   543 | D:1      | Reached XP level 2. HP: 22/24 MP: 3/3
   615 | D:1      | Found Viamauj's Assorted Antiques.
  1084 | D:1      | Found a faded altar of an unknown god.
  1211 | D:2      | Reached XP level 3. HP: 18/29 MP: 4/4
  1367 | D:2      | You fall into a shaft and drop 1 floor!
  1636 | D:3      | Found a glowing drain.
  1673 | Sewer    | Entered a sewer
  1705 | Sewer    | Reached ** piety under Lugonu
  2012 | Sewer    | Gained mutation: When seriously injured, your bleeding
                  | wounds create thick armour. (AC +9) [demonic ancestry]
  2012 | Sewer    | Reached XP level 4. HP: 28/35 MP: 5/5
  3170 | D:3      | Reached skill level 1 in Shields
  3362 | D:2      | Reached XP level 5. HP: 40/42 MP: 6/6
  3833 | D:3      | Reached *** piety under Lugonu
  4622 | D:4      | Gained mutation: You have a pair of small horns on your
                  | head. [demonic ancestry]
  4622 | D:4      | Reached XP level 6. HP: 18/49 MP: 7/7
  4701 | D:4      | Noticed Grinder
  4714 | D:4      | Paralysed by Grinder for 7 turns
  4734 | D:4      | Paralysed by Grinder for 4 turns
  4743 | D:4      | Paralysed by Grinder for 7 turns
  4753 | D:4      | Paralysed by Grinder for 7 turns
  4769 | D:4      | Slain by Grinder

Illustrated notes

Levels and vault maps discovered:
D:1:      minmay_arrival_nine_rooms, layout_loops_ring, serial_shops, shop,
          hellmonk_ecumenical_altar_inner_sanctum
D:2:      layout_rooms, minmay_hexomino_p4
D:3:      layout_rooms, cheibrodos_sewer_entry_bend
D:4:      layout_loops_ring, nicolae_tso_swordbearing_angel, uniq_grinder

Skill      XL: |  1  2  3  4  5 |
---------------+----------------+-----
Short Blades   | 2 3 4 |  4.0
Shields        | 1 2 |  2.5
Fighting       | 4 |  4.6
Armour         | |  1.7
Dodging        | |  0.8
Invocations    | |  2.4

Action                   |  1- 3 |  4- 6 || total
-------------------------+-------+-------++-------
Melee: Short sword       |   176 |   133 ||   309
       Rapier            |       |   126 ||   126
       Unarmed           |       |    18 ||    18
Invok: Depart the Abyss  |     1 |       ||     1
  Use: Potion            |       |     3 ||     3
Armor: Leather armour    |    70 |    79 ||   149
       Skin              |       |     5 ||     5
Dodge: Dodged            |   126 |   112 ||   238
Block: Buckler           |       |    48 ||    48

Table legend: (Time is in decaauts)
 A = Elapsed time spent in this place.
 B = Non-inter-level travel time spent in this place.
 C = Inter-level travel time spent in this place.
 D = Time resting spent in this place.
 E = Time spent auto-exploring this place.
 F = Levels seen in this place.
 G = Mean time per level.
                   A        B        C        D        E       F      G
               +--------+--------+--------+--------+--------+-----+--------+
         Total |   4859 |   4803 |     56 |      0 |   3971 |   6 |  809.8 |
       Dungeon |   3625 |   3569 |     56 |      0 |   2965 |   4 |  906.2 |
         Abyss |     49 |     49 |      0 |      0 |     48 |   1 |   49.0 |
         Sewer |   1185 |   1185 |      0 |      0 |    958 |   1 | 1185.0 |
               +--------+--------+--------+--------+--------+-----+--------+

Top non-repeatable levels by time:
     D:3: 1477 daAuts
   Sewer: 1185 daAuts
     D:1: 1086 daAuts
     D:2: 647 daAuts
     D:4: 413 daAuts
 Abyss:1: 49 daAuts
